 Dungeon Crawl Stone Soup version 0.25-a0-611-g6918904 (webtiles) character file.

Game seed: 14276288096040559698, levelgen mode: deterministic

87 robertstho the Shield-Bearer (level 4, 0/37 HPs)
             Began as a Formicid Fighter on Mar 16, 2020.
             Succumbed to an adder's poison
             ... on level 1 of the Dungeon.
             The game lasted 00:01:28 (936 turns).

robertstho the Shield-Bearer (Formicid Fighter)      Turns: 936, Time: 00:01:29

Health: 0/37       AC:  7    Str: 22    XL:     4   Next: 80%
Magic:  4/4        EV:  8    Int:  7    God:
Gold:   85         SH: 10    Dex: 12    Spells: 3/3 levels left

rFire    . . .     SeeInvis +   a - +0 trident
rCold    . . .     Gourm    .   c - +0 kite shield
rNeg     . . .     Faith    .   b - +0 scale mail
rPois    .         Spirit   .   (helmet unavailable)
rElec    .         Reflect  .   (no cloak)
rCorr    .         Harm     .   (no gloves)
MR       .....                  (no boots)
Stlth    +.........             (no amulet)
HPRegen  0.12/turn              (no ring)
MPRegen  0.09/turn              (no ring)

@: mighty, brilliant, lethally poisoned (0 -> -4), flying
A: permanent stasis, dig shafts and tunnels, four strong arms, antennae 3, agile
1, sturdy frame 1
a: Dig, Shaft Self


You were on level 1 of the Dungeon.
You were not hungry.

You visited 1 branch of the dungeon, and saw 2 of its levels.

You collected 85 gold pieces.

Inventory:

Hand Weapons
 a - a +0 trident (weapon)
Armour
 b - a +0 scale mail (worn)
 c - a +0 kite shield (worn)
Scrolls
 e - a scroll of identify {unknown}
 h - 4 scrolls of remove curse {unknown}
 j - a scroll of enchant armour {unknown}
 n - a scroll of fear {unknown}
Potions
 i - a potion of flight
 m - a potion of degeneration {unknown}
Comestibles
 f - 4 rations
 l - 6 chunks of flesh


   Skills:
 * Level 3.8 Fighting
 + Level 2.5 Polearms
 * Level 4.1 Armour
 + Level 0.1 Dodging
 + Level 0.7 Stealth
 + Level 4.6 Shields


You had 3 spell levels left.
You didn't know any spells.
Your spell library was empty.

Dungeon Overview and Level Annotations

Branches:
Dungeon (2/15)

Altars:


Innate Abilities, Weirdness & Mutations

You cannot be hasted, slowed, berserked, paralysed or teleported.
You can dig through walls and to a lower floor.
Your four strong arms can wield two-handed weapons with a shield.
You have a pair of large antennae on your head. (SInv)
You are agile. (Dex +2)
Your movements are slightly less encumbered by armour. (ER -2)


Message History

The adder bites you.
* * * LOW HITPOINT WARNING * * *
You climb upwards.
There is a stone staircase leading down here.
It was a potion of brilliance.
You feel clever all of a sudden. The adder bites you.
* * * LOW HITPOINT WARNING * * *
You are lethally poisoned!
The adder poisons you!
It was a potion of flight.
You feel very buoyant.
You fly up into the air.
* * * LOW HITPOINT WARNING * * *
You feel sick. The adder closely misses you.
The adder bites you but does no damage.
It was a potion of mutation.
You feel extremely strange.
You feel agile.
You feel less encumbered by your armour.
You die...

########## #........#
#########.######.# ..).......#
#.# ..######### #.# .......#
##.## ##########
#.####.########...######........#
#...............#........######.#
######.########.@S######## #.#
######.## #.....# #.# ........#
#.#.#.# #.# ######..# #.#.#.# #.#
# #..# #.#.#.# #.# # #..# #.#.#.#
#.# #### #..#
#.#.#.#############.# ...# #..#
#.#.#.............#.# ##.# #(.#
#.#.#############.#..


You could see an adder.

Vanquished Creatures
  A howler monkey (D:2)
  2 adders (D:2)
  2 dart slugs
  A leopard gecko (D:1)
  4 goblins (D:1)
  4 hobgoblins
  4 kobolds
  4 bats
  3 frilled lizards
  2 rats (D:1)
27 creatures vanquished.

Notes
Turn   | Place    | Note
-------+----------+-------------------------------------------
     0 | D:1      | robertstho the Formicid Fighter began the quest for the
                  | Orb.
     0 | D:1      | Reached XP level 1. HP: 18/18 MP: 1/1
    42 | D:1      | Reached XP level 2. HP: 17/24 MP: 2/2
   609 | D:1      | Reached XP level 3. HP: 26/29 MP: 3/3
   911 | D:2      | Reached XP level 4. HP: 23/37 MP: 4/4
   935 | D:1      | HP: 1/37 [poisoned by an adder]
   936 | D:1      | Gained mutation: You are agile. (Dex +2) [potion of
                  | mutation]
   936 | D:1      | Gained mutation: Your movements are slightly less
                  | encumbered by armour. (ER -2) [potion of mutation]
   936 | D:1      | Succumbed to an adder's poison

Levels and vault maps discovered:
D:1:      dpeg_arrival_rhombus, layout_loops_ring
D:2:      layout_loops_ring, tso_metal_star, minmay_goblin_kobold_house

Skill      XL: |  1  2  3 |
---------------+----------+-----
Shields        | 4 |  4.6
Armour         | 4 |  4.1
Fighting       | |  3.8
Polearms       | |  2.5
Dodging        | |  0.1
Stealth        | |  0.7

Action                   |  1- 3 |  4- 6 || total
-------------------------+-------+-------++-------
Melee: Trident           |   116 |     5 ||   121
  Use: Potion            |       |     4 ||     4
Armor: Scale mail        |    47 |     3 ||    50
Dodge: Dodged            |    30 |     5 ||    35
Block: Kite shield       |    57 |     3 ||    60

Table legend:
 A = Non-vault XP
 B = Vault XP
 C = Vault XP percentage of total XP
 D = Non-vault monster count
 E = Vault monster count
 F = Vault count percentage of total count
                 A         B        C        D         E       F
            +---------+---------+-------+---------+---------+-------
      Total |     125 |       0 |   0.0 |      27 |       0 |   0.0
            +---------+---------+-------+---------+---------+-------
        D:1 |      31 |       0 |   0.0 |      17 |       0 |   0.0
        D:2 |      94 |       0 |   0.0 |      10 |       0 |   0.0
            +---------+---------+-------+---------+---------+-------
